AoeStats
← MauV

Arena

508571974Analyzed
2v2 RM · 9d ago on Sep 23, 2026· 44m 43s· 4 players
Game mode
Random Map
Map size
Medium (4 player)
Population
200
Speed
Normal
Resources
Standard
Victory
Conquest
Starting age
Dark Age
Ending age
Imperial Age
RankedLock teamsTeams togetherTeam positionsShared explorationLock speedFull tech treeHidden civsTurbo modeCheats
Victory
Defeat
🇦🇷 Bengalis · Argentina
1448
+8
🇦🇷 Chinese · Argentina
1000
+99
1253
-17
🇦🇷 Dravidians · Argentina
1240
-17
MauV
11:02 Feudal Age
12:06 Double-Bit Axe
14:47 Castle Age
13:39 Horse Collar
17:12 Horse Collar
18:51 Wheelbarrow
18:33 Bow Saw
21:19 Gold Mining
24:05 Hand Cart
26:37 Imperial Age
24:05 Town Watch
24:06 Loom
24:36 Scale Barding Armor
26:00 Stone Mining
26:40 Chain Barding Armor
28:09 Plate Barding Armor
27:44 Bloodlines
27:35 Husbandry
28:16 Gold Shaft Mining
30:05 Heavy Plow
31:11 Two-Man Saw
32:00 Sanctity
31:55 Block Printing
31:52 Redemption
32:09 Illumination
34:01 Fletching
34:07 Elite Battle Elephant
35:59 Light Cavalry
36:52 Forging
38:05 Conscription
37:42 Bodkin Arrow
41:50 Iron Casting
42:30 Bracer
43:33 Chemistry
42:55 Ballistics
43:25 Mahayana
43:41 Crop Rotation
ramiromartinez0507
9:51 Feudal Age
10:17 Double-Bit Axe
18:42 Castle Age
16:40 Horse Collar
21:32 Bow Saw
22:17 Wheelbarrow
23:38 Gold Mining
25:53 Padded Archer Armor
25:44 Fletching
27:07 Hand Cart
29:25 Elite Skirmisher
30:40 Ballistics
34:03 Imperial Age
33:32 Forging
36:21 Two-Man Saw
37:30 Chemistry
36:21 Guard Tower
39:17 Elite Chu Ko Nu
Atos 4:12 | João 14:6
11:44 Feudal Age
12:13 Loom
12:13 Town Watch
15:26 Castle Age
13:16 Double-Bit Axe
13:22 Gold Mining
13:40 Horse Collar
14:45 Scale Mail Armor
16:45 Chain Mail Armor
16:45 Bow Saw
17:12 Gold Shaft Mining
16:46 Heavy Plow
19:28 Wheelbarrow
22:45 Hand Cart
23:58 Squires
32:35 Forging
34:03 Arson
36:50 Imperial Age
35:57 Iron Casting
35:16 Stone Mining
37:45 Fletching
37:56 Padded Archer Armor
39:10 Blast Furnace
38:50 Plate Mail Armor
37:44 Halberdier
37:55 Onager
38:12 Capped Ram
40:07 Blast Furnace
39:30 Conscription
39:12 Torsion Engines
40:20 Siege Ram
41:25 Siege Engineers
43:37 Siege Onager
H2SO4
10:27 Feudal Age
14:33 Castle Age
12:32 Double-Bit Axe
13:45 Gold Mining
13:38 Horse Collar
14:08 Man-at-Arms
15:36 Bow Saw
14:51 Long Swordsman
20:35 Gambesons
22:19 Squires
22:48 Devotion
22:36 Arson
24:20 Scale Mail Armor
25:01 Forging
25:07 Loom
26:15 Chain Mail Armor
28:14 Iron Casting
29:12 Pikeman
32:27 Imperial Age
35:22 Halberdier
Connection lost

Rejoining the realm…

Still unreachable

The connection could not be restored.

Session expired

The server has moved on; the page needs a fresh start.